 Dungeon Sprint DCSS version 0.21-a0-338-g36cf2fc (webtiles) character file.

436 Kidiri the Fighter (level 6, -3/64 HPs)
             Began as a Draconian Berserker on Oct 3, 2017.
             Was an Elder of Trog.
             Slain by a troll (4 damage)
             ... in the Dungeon (Sprint IX: "|||||||||||||||||||||||||||||").
             The game lasted 00:01:16 (371 turns).

Kidiri the Fighter (Draconian Berserker)             Turns: 371, Time: 00:01:17

Health: -3/64      AC: 10    Str: 21    XL:     6   Next: 68%
Magic:  6/6        EV: 15    Int: 16    God:    Trog [****..]
Gold:   0          SH:  0    Dex: 11    Spells: 5/5 levels left

rFire    . . .     SeeInvis .   n - +2 scimitar "Tuowih" {freeze, *Rage MR- Int+6}
rCold    . . .     Gourm    .   (no shield)
rNeg     . . .     Faith    .   (armour unavailable)
rPois    .         Spirit   .   (helmet restricted)
rElec    .         Reflect  .   a - +0 cloak
rCorr    .         Harm     .   (no gloves)
MR       .....     Rnd*Rage +   o - +0 pair of boots Stlth +.........NoTele +
                                (no amulet)
HPRegen  0.20/turn              p - +3 ring of intelligence
MPRegen  0.10/turn              q - +2 ring of protection

@: berserk cooldown, slowed, very slow
A: unfitting armour, cold-blooded, AC +6
a: Berserk, Trog's Hand, Brothers in Arms, Burn Spellbooks, Renounce Religion


You were in the Dungeon.
You worshipped Trog.
Trog was greatly pleased with you.
You were not hungry.

You visited 1 branch

Inventory:

Hand Weapons
 n - the +2 scimitar "Tuowih" (weapon) {freeze, *Rage MR- Int+6}
   (You found it in the Dungeon)

   It has been specially enchanted to freeze those struck by it, causing extra
   injury to most foes and up to half again as much damage against particularly
   susceptible opponents.
   It can also slow down cold-blooded creatures.
   It affects your intelligence (+6).
   It affects your resistance to hostile enchantments.
   It may make you go berserk in combat.
Missiles
 i - 2 tomahawks of returning (quivered)
Armour
 a - a +0 cloak (worn)
 o - a +0 pair of boots (worn)
Jewellery
 p - a +3 ring of intelligence (left hand)
 q - a +2 ring of protection (right hand)
Wands
 m - a wand of iceblast (7/15)
Scrolls
 h - 2 scrolls of blinking
 l - 3 scrolls of remove curse
Potions
 c - 5 potions of curing
 e - a potion of haste
 f - 4 potions of magic
 g - a potion of berserk rage
 j - a potion of invisibility
 k - 2 potions of heal wounds
Comestibles
 b - a bread ration
 d - a chunk of flesh


   Skills:
 * Level 9.5 Fighting
 * Level 8.8 Long Blades
 + Level 3.0 Throwing
 * Level 7.6 Dodging
 - Level 0.5 Stealth


You had 5 spell levels left.
You didn't know any spells.

Dungeon Overview and Level Annotations

Branches:
Dungeon (1/1)

Altars:
Cheibriados
Dithmenos
Elyvilon
Fedhas
Gozag
Hepliaklqana
Kikubaaqudgha
Makhleb
Nemelex Xobeh
Okawaru
Qazlal
Ru
Sif Muna
Trog
Uskayaw
Vehumet
Wu Jian
Xom
Yredelemnul
Zin
The Shining One
Beogh
Jiyva
Lugonu


Innate Abilities, Weirdness & Mutations

Your plain brown scales are hard. (AC +6)
You cannot fit into any form of body armour.
You are cold-blooded and may be slowed by cold attacks.


Message History

You kill the orc wizard!
Trog accepts your kill.
Trog appreciates your killing of a magic user.
Your Throwing skill increases to level 3!
The troll barely misses you.
You riposte.
You hit the troll. You freeze the troll.
The troll is almost dead.
The troll claws you but does no damage. The troll misses you.
You closely miss the troll.
Your tail-slap misses the troll.
The troll is almost dead.
The troll barely misses you.
You riposte.
You hit the troll. You freeze the troll.
Your tail-slap misses the troll.
The troll is almost dead.
The troll claws you. The troll claws you!
* * * LOW HITPOINT WARNING * * *
The orc jeers loudly.
The troll bites you!
* * * LOW HITPOINT WARNING * * *
The troll claws you.
You die... ▓▓▓▓▓▓▓▓▓▓▓▓▓▓▓▓▓▓▓▓▓▓▓▓ +....oT@).[..)|?.'______ ▓▓▓▓▓▓▓▓▓▓▓▓▓▓▓▓▓▓▓▓▓▓▓▓

You could see a troll and an orc.

Vanquished Creatures
  A hippogriff (D)
  An ice beast (D)
  A bullfrog (D)
  A crimson imp (D)
  A hound (D)
  An orc wizard (D)
  An adder (D)
  An adder skeleton (D)
  A dart slug (D)
  A hobgoblin (D)
  A giant cockroach zombie (D)
  3 kobolds (D)
14 creatures vanquished.

Notes
Turn   | Place    | Note
-------+----------+-------------------------------------------
     0 | D        | Kidiri the Draconian Berserker began the quest for the Orb.
     0 | D        | Reached XP level 1. HP: 19/19 MP: 1/1
    13 | D        | Reached ** piety under Trog
    19 | D        | Reached skill level 4 in Fighting
   199 | D        | Noticed an ice beast
   199 | D        | Noticed a crimson imp
   199 | D        | Noticed a hound
   200 | D        | Killed a hound
   200 | D        | Reached skill level 5 in Fighting
   200 | D        | Reached XP level 2. HP: 29/29 MP: 2/2
   200 | D        | Reached XP level 3. HP: 36/36 MP: 3/3
   205 | D        | Reached *** piety under Trog
   205 | D        | Reached skill level 6 in Fighting
   205 | D        | Reached skill level 5 in Long Blades
   205 | D        | Reached XP level 4. HP: 44/44 MP: 4/4
   212 | D        | HP: 1/44 [ice beast (5)]
   214 | D        | Killed an ice beast
   214 | D        | Reached skill level 7 in Fighting
   214 | D        | Reached skill level 5 in Dodging
   214 | D        | Reached XP level 5. HP: 30/52 MP: 5/5
   219 | D        | Received a gift from Trog
   230 | D        | Found a roughly hewn altar of Beogh.
   230 | D        | Found a snail-covered altar of Cheibriados.
   230 | D        | Found a shadowy altar of Dithmenos.
   230 | D        | Found a white marble altar of Elyvilon.
   230 | D        | Found a blossoming altar of Fedhas.
   230 | D        | Found an opulent altar of Gozag.
   231 | D        | Found a hazy altar of Hepliaklqana.
   232 | D        | Found a viscous altar of Jiyva.
   233 | D        | Found an ancient bone altar of Kikubaaqudgha.
   234 | D        | Found a corrupted altar of Lugonu.
   235 | D        | Found a burning altar of Makhleb.
   236 | D        | Found a sparkling altar of Nemelex Xobeh.
   237 | D        | Found an iron altar of Okawaru.
   238 | D        | Found a stormy altar of Qazlal.
   239 | D        | Found a sacrificial altar of Ru.
   240 | D        | Found a deep blue altar of Sif Muna.
   241 | D        | Found a bloodstained altar of Trog.
   242 | D        | Found a hide-covered altar of Uskayaw.
   243 | D        | Found a radiant altar of Vehumet.
   244 | D        | Found an ornate altar of the Wu Jian Council.
   245 | D        | Found a shimmering altar of Xom.
   246 | D        | Found a basalt altar of Yredelemnul.
   247 | D        | Found a glowing silver altar of Zin.
   248 | D        | Found a glowing golden altar of the Shining One.
   265 | D        | Got the +2 scimitar "Tuowih" {freeze, *Rage MR- Int+6}
   350 | D        | Noticed a troll
   350 | D        | Noticed a hippogriff
   358 | D        | Killed a hippogriff
   358 | D        | Reached skill level 9 in Fighting
   358 | D        | Reached XP level 6. HP: 56/63 MP: 6/6
   360 | D        | Reached **** piety under Trog
   371 | D        | HP: 1/64 [troll (15)]
   371 | D        | Slain by a troll

Vault maps used:
D:        linesprint

Skill      XL: |  1  2  3  4  5  6 |
---------------+-------------------+-----
Dodging        | 4 5 7 |  7.6
Fighting       | 5 6 7 9 |  9.5
Long Blades    | 4 5 6 8 |  8.8
Throwing       | 2 3 |  3.0
Stealth        | |  0.5

Action                   |  1- 3 |  4- 6 || total
-------------------------+-------+-------++-------
Melee: Falchion          |    21 |    13 ||    34
       Tailslap          |     6 |     6 ||    12
       Scimitar          |       |    20 ||    20
Invok: Berserk           |     1 |     1 ||     2
  Use: Potion            |       |     1 ||     1
Armor: Skin              |     4 |    13 ||    17
Dodge: Dodged            |     8 |    44 ||    52
       Rpst.: Falchion   |     2 |     4 ||     6
       Scimitar          |       |     7 ||     7

Table legend:
 A = Spawn XP
 B = Non-spawn XP
 C = Spawn XP percentage of total XP
 D = Spawn monster count
 E = Non-spawn monster count
 F = Spawn count percentage of total count
 G = Total turns spent on level
                    A         B        C        D         E        F      G
               +---------+---------+-------+---------+---------+-------+---------
         Total |       0 |     623 |   0.0 |       0 |      14 |   0.0 |   371
               +---------+---------+-------+---------+---------+-------+---------
             D |       0 |     623 |   0.0 |       0 |      14 |   0.0 |   371
               +---------+---------+-------+---------+---------+-------+---------
